 Dungeon Crawl Stone Soup version 0.30-a0-469-g84de5afbc5 (webtiles) character file.

Game seed: 17917902523517747637

53 cforsyth the Cudgeller (level 3, -1/32 HPs)
             Began as an Armataur Gladiator on Dec 19, 2022.
             Succumbed to an adder's poison
             ... on level 2 of the Dungeon.
             The game lasted 00:01:29 (1147 turns).

cforsyth the Cudgeller (Armataur Gladiator)         Turns: 1147, Time: 00:01:29

Health: -1/32      AC:  7    Str: 17    XL:     3   Next: 62%
Magic:  3/3        EV:  9    Int: 10    God:
Gold:   105        SH:  0    Dex: 11    Spells: 2/2 levels left

rFire   . . .      SeeInvis .    l - +0 whip (elec)
rCold   . . .      Faith    .    (no shield)
rNeg    . . .      Spirit   .    b - +0 leather armour
rPois   .          Reflect  .    c - +0 helmet
rElec   .          Harm     .    (no cloak)
rCorr   .          Roll     +    (no gloves)
Will    .....                    (no barding)
Stlth   +.........               (no amulet)
HPRegen 0.25/turn                (no ring)
MPRegen 0.08/turn                (no ring)

@: lethally poisoned (-1 -> -11)
A: large, rugged brown scales 3, deformed body, armoured tail, roll, long
tongue, awkward tongue, stinger 1, iridescent scales 1, weak 1, inability to
drink after injury 1, inability to read after injury 1
a: no special abilities


You were on level 2 of the Dungeon.
You visited 1 branch of the dungeon, and saw 3 of its levels.

You collected 105 gold pieces.

Inventory:

Hand Weapons
 a - a +0 flail
 l - a +0 whip of electrocution (weapon)
Missiles
 d - 3 throwing nets (quivered)
 e - a javelin
Armour
 b - a +0 leather armour (worn)
 c - a +0 helmet (worn)
Scrolls
 h - a scroll of blinking {unknown}
 i - 2 scrolls of identify {unknown}
 k - a scroll of fog {unknown}
 n - 2 scrolls of immolation {unknown}
Potions
 f - a potion of curing {unknown}
 j - a potion of berserk rage {unknown}
 m - a potion of magic {unknown}
 o - a potion of invisibility {unknown}
 p - a potion of lignification {unknown}


   Skills:
 + Level 2.9 Fighting
 + Level 3.5 Maces & Flails
 - Level 1.7 Throwing
 - Level 2.1 Dodging


You had 2 spell levels left.
You didn't know any spells.
Your spell library was empty.

Dungeon Overview and Level Annotations

Branches:
Dungeon (3/15)

Altars:


Innate Abilities, Weirdness & Mutations

You are completely covered in rugged brown scales. (AC +3, +7% HP)
Armour fits poorly on your strangely shaped body.
You have a long armoured tail.
You roll when moving toward enemies. (Rampage)
Your long tongue fully drains potion bottles. (2x potion effects)
Your tongue gives you trouble enunciating. (1.5x scroll delay)
Your tail ends in a venomous barb.
You are partially covered in iridescent scales. (AC +2)
You are weak. (Str -2)
You occasionally lose the ability to drink potions when taking damage.
You occasionally lose the ability to read scrolls when taking damage.


Message History

You feel sick. The adder barely misses you. x2
The hobgoblin closely misses you. The frilled lizard bites you.
You barely miss the adder.
The adder is almost dead.
You feel sick. The adder bites you but does no damage.
The hobgoblin closely misses you. The frilled lizard closely misses you.
You miss the adder.
Your tail-slap misses the adder.
The adder is almost dead.
You feel sick. The adder bites you but does no damage.
You completely miss the adder.
Your tail-slap misses the adder.
The adder is almost dead.
You feel sick. The hobgoblin barely misses you.
The adder bites you but does no damage. The frilled lizard barely misses you.
You miss the adder.
The adder is almost dead.
You feel sick. The adder bites you.
You are more poisoned.
The adder poisons you! The hobgoblin barely misses you.
The frilled lizard bites you.
* * * LOW HITPOINT WARNING * * *
The adder bites you.
* * * LOW HITPOINT WARNING * * *
You are more poisoned.
The adder poisons you!
You whack the adder!
You kill the adder!
* * * LOW HITPOINT WARNING * * *
You feel sick. The hobgoblin hits you.
* * * LOW HITPOINT WARNING * * *
The frilled lizard bites you.
* * * LOW HITPOINT WARNING * * *
Unknown command.
You slurp down every last drop of the bubbling pink potion!
It was a potion of mutation.
You feel extremely strange.
A venomous barb forms on the end of your tail.
You occasionally lose the ability to read scrolls when taking damage.
You occasionally lose the ability to drink potions when taking damage.
You feel weaker.
Iridescent scales grow over part of your body.
You die...

)## ## ..)# .. .# ...#
.# ##.# ....# .# #..
###....# .# #.#
##......# .###
##.#####..##..## ...#
#..#.....#.....##
.#.###....####..@g...##
....)..#### #...l.....#
.#.##...#####.........#
......................#
.>#.#.######..........#
###....## #..........#
###...# #.........##
#####.#># ##.........#
........# #.........#


You could see a hobgoblin and a frilled lizard.

Vanquished Creatures
  2 adders (D:2)
  3 endoplasms
  4 giant cockroaches
  3 hobgoblins
  2 jackals (D:1)
  3 quokkas (D:1)
  3 bats (D:1)
  4 frilled lizards
  5 kobolds
  3 rats
32 creatures vanquished.

Notes
Turn   | Place    | Note
-------+----------+-------------------------------------------
     0 | D:1      | cforsyth the Armataur Gladiator began the quest for the
                  | Orb.
     0 | D:1      | Reached XP level 1. HP: 18/18 MP: 1/1
   172 | D:1      | Reached skill level 3 in Maces & Flails
   174 | D:1      | Reached XP level 2. HP: 18/25 MP: 2/2
   206 | D:1      | Found a faded altar of an unknown god.
   810 | D:2      | You fall into a shaft and drop 1 floor!
   869 | D:3      | Reached XP level 3. HP: 30/32 MP: 3/3
  1147 | D:2      | Gained mutation: Your tail ends in a venomous barb. [potion
                  | of mutation]
  1147 | D:2      | Gained mutation: You occasionally lose the ability to read
                  | scrolls when taking damage. [potion of mutation]
  1147 | D:2      | Gained mutation: You occasionally lose the ability to drink
                  | potions when taking damage. [potion of mutation]
  1147 | D:2      | Gained mutation: You are weak. (Str -2) [potion of
                  | mutation]
  1147 | D:2      | Gained mutation: You are partially covered in iridescent
                  | scales. (AC +2) [potion of mutation]
  1147 | D:2      | Succumbed to an adder's poison

Illustrated notes

Levels and vault maps discovered:
D:1:      dpeg_arrival_rhombus, layout_loops_ring, ebering_ecumenical_altar_box,
          hangedman_decor_opposing
D:2:      layout_rooms, uniq_crazy_yiuf_cottage
D:3:      layout_loops_corners

Skill      XL: |  1 |
---------------+----+-----
Fighting       | 2 |  2.9
Maces & Flails | 3 |  3.5
Throwing       | |  1.7
Dodging        | |  2.1

Action                   || total
-------------------------++-------
Melee: Flail             ||    36
       Whip              ||    68
       Tailslap          ||     3
  Use: Potion            ||     1
Armor: Leather armour    ||    35
Dodge: Dodged            ||    52

Table legend: (Time is in decaauts)
 A = Elapsed time spent in this place.
 B = Non-inter-level travel time spent in this place.
 C = Inter-level travel time spent in this place.
 D = Time resting spent in this place.
 E = Time spent auto-exploring this place.
 F = Levels seen in this place.
 G = Mean time per level.
                   A        B        C        D        E       F      G
               +--------+--------+--------+--------+--------+-----+--------+
         Total |   1151 |   1114 |     37 |      0 |    889 |   3 |  383.7 |
       Dungeon |   1151 |   1114 |     37 |      0 |    889 |   3 |  383.7 |
               +--------+--------+--------+--------+--------+-----+--------+

Top non-repeatable levels by time:
     D:1: 742 daAuts
     D:2: 218 daAuts
     D:3: 190 daAuts
